 Dungeon Crawl Stone Soup version 0.31-a0-180-g519b7de00c (webtiles) character file.

Game seed: 17594346014830284847

116 qw the Shooter (level 5, -4/49 HPs)
             Began as a Naga Hunter on June 20, 2023.
             Slain by Robin
             ... wielding a +2 spear of flaming
              (5 damage)
             ... on level 3 of the Dungeon.
             The game lasted 00:02:20 (2097 turns).

qw the Shooter (Naga Hunter)                        Turns: 2097, Time: 00:02:21

Health: -4/49      AC:  3    Str: 13    XL:     5   Next: 0%
Magic:  5/5        EV:  9    Int:  9    God:
Gold:   158        SH:  0    Dex: 17    Spells: 4/4 levels left

rFire   . . .        Y - +0 shortbow
rCold   . . .        (shield currently unavailable)
rNeg    . . .        c - +0 leather armour
rPois   +            (no helmet)
rElec   .            (no cloak)
rCorr   .            (no gloves)
SInv    +            (no barding)
Will    .....        (no amulet)
Stlth   ++           (no ring)
HPRegen 0.28/turn    (no ring)
MPRegen 0.09/turn

%: no passive effects
@: short of breath, very slow
A: AC +1, large, see invisible, deformed body, poison resistance, slowness 2,
spit poison 1, naga tail 1
a: Spit Poison


You were on level 3 of the Dungeon.
You visited 1 branch of the dungeon, and saw 3 of its levels.

You collected 158 gold pieces.


Innate Abilities, Weirdness & Mutations

Your serpentine skin is tough. (AC +1)
You have supernaturally acute eyesight. (SInv)
Armour fits poorly on your strangely shaped body.
Your system is resistant to poisons. (rPois)
You cover ground very slowly.
You can spit poison.
You have a snake-like lower body.


   Skills:
 - Level 3.1 Fighting
 + Level 5.0 Ranged Weapons
 - Level 1.5 Dodging
 - Level 1.5 Stealth


You had 4 spell levels left.
You didn't know any spells.
Your spell library was empty.

Inventory:

Hand Weapons
 Y - a +0 shortbow (weapon)
Armour
 c - a +0 leather armour (worn)
Scrolls
 g - a scroll of identify
Potions
 a - 2 potions of might
 b - a potion of cancellation {unknown}
 d - a potion of haste {unknown}
 e - a potion of magic {unknown}
 f - a potion of curing
 h - a potion of lignification {unknown}

Dungeon Overview and Level Annotations

Branches:
Dungeon (3/15)

Altars:

Shops:
D:1 [

Annotations:
D:3 Robin


Message History

A hobgoblin comes into view.
You shoot an arrow. The arrow closely misses the goblin.
The hobgoblin shouts!
The hobgoblin barely misses you. The goblin closely misses you.
Robin throws the goblin at you!
You shoot an arrow. The arrow hits the goblin.
You kill the goblin!
The hobgoblin closely misses you.
Robin roars a battlecry!
The goblins go into a battle-frenzy!
The goblin barely misses you.
You have reached level 5!
You shoot an arrow. The arrow hits the goblin.
The goblin is moderately wounded.
The hobgoblin barely misses you. The goblin hits you but does no damage.
Robin hits you from afar with a +2 spear of flaming.
Robin burns you.
You shoot an arrow. The arrow closely misses the goblin.
You have got your breath back.
The hobgoblin closely misses you. Robin barely misses you.
The goblin hits you but does no damage.
2095 ||| INVOKING Spit Poison.
Aiming: Spit Poison (1% risk of failure)
Press: ? - help, Shift-Dir - straight line, f/p - goblin The splash of poison misses the goblin.
Robin hits you from afar with a +2 spear of flaming.
Robin burns you. The hobgoblin barely misses you.
The goblin hits you with a +0 dagger.
You shoot an arrow. The arrow misses the goblin.
Robin barely misses you. The hobgoblin hits you.
The goblin hits you but does no damage.
Robin says, "A pitiful Naga like you will never find the ORB!"
Robin hits you from afar with a +2 spear of flaming.
Robin burns you. The goblin hits you with a +0 dagger.
The hobgoblin hits you but does no damage.
You shoot an arrow. The arrow hits the goblin.
You kill the goblin!
The hobgoblin hits you.
Robin hits you from afar with a +2 spear of flaming.
You die...

.. #. #. #.
## ## ..
#)##########
#ggg[)).....
##@########
#..).......
..#
#...######
#.# ###
#.#..## #.#
#.. #.##..#
#.# #)#
#.###.#
#.###%#
#.###.####
#.##..#
#.....:..#
#.##.##
######.#.#
#....#


You could see Robin and 2 hobgoblins.

Vanquished Creatures
  Terence (D:3)
  4 adders (D:2)
  A dart slug (D:1)
  5 ball pythons
  8 bats
  4 endoplasms
  4 giant cockroaches
  7 goblins
  5 hobgoblins
  A kobold (D:1)
  3 quokkas (D:2)
  4 frilled lizards
  4 rats
51 creatures vanquished.

Notes
Turn   | Place    | Note
-------+----------+-------------------------------------------
     0 | D:1      | qw the Naga Hunter began the quest for the Orb.
     0 | D:1      | Reached XP level 1. HP: 19/19 MP: 1/1
     0 | D:1      | 0 ||| qw: Version: 0.3-a-7-ge0c9b40
     0 | D:1      | 0 ||| qw: Game counter: 1118
     0 | D:1      | 0 ||| qw: Always use a shield: true
     0 | D:1      | 0 ||| qw: God list: Okawaru
     0 | D:1      | 0 ||| qw: Allow faded altars: false
     0 | D:1      | 0 ||| qw: Do Orc after D:15 true
     0 | D:1      | 0 ||| qw: Do second Lair branch before Depths: true
     0 | D:1      | 0 ||| qw: Lair rune preference: random
     0 | D:1      | 0 ||| qw: Plans: Normal
     0 | D:1      | 0 ||| PLANNING D:1-11
   180 | D:1      | 180 ||| READING scroll labelled NYIGEO YDDOUCAU.
   181 | D:1      | 181 ||| DROPPING scroll of butterflies.
   184 | D:1      | 184 ||| INVOKING Spit Poison.
   203 | D:1      | 203 ||| INVOKING Spit Poison.
   226 | D:1      | 226 ||| INVOKING Spit Poison.
   258 | D:1      | 258 ||| INVOKING Spit Poison.
   259 | D:1      | Reached skill level 4 in Ranged Weapons
   259 | D:1      | Reached XP level 2. HP: 26/26 MP: 2/2
   281 | D:1      | 281 ||| INVOKING Spit Poison.
   298 | D:1      | 298 ||| INVOKING Spit Poison.
   320 | D:1      | 320 ||| INVOKING Spit Poison.
   339 | D:1      | Found a faded altar of an unknown god.
   349 | D:1      | Found Elufebra's Antique Armour Boutique.
   356 | D:1      | 356 ||| SHOPLISTING distressingly furry ring mail (225
                  | gold, have 22).
   356 | D:1      | 356 ||| SHOPLISTING embroidered cloak (187 gold, have 22).
   356 | D:1      | 356 ||| SHOPLISTING pair of embroidered gloves (187 gold,
                  | have 22).
   356 | D:1      | 356 ||| SHOPLISTING pair of runed gloves (187 gold, have
                  | 22).
   363 | D:1      | 363 ||| INVOKING Spit Poison.
   407 | D:1      | 407 ||| READING scroll labelled KOENUTUAHE.
   409 | D:1      | 409 ||| INVOKING Spit Poison.
   429 | D:1      | 429 ||| INVOKING Spit Poison.
   513 | D:1      | 513 ||| READING scroll labelled XAMO GEIHAFF.
   516 | D:1      | 516 ||| READING scroll labelled MEUKKI IDEASS.
   517 | D:1      | 517 ||| READING scroll labelled BOLOXTI QAWERPHO.
   518 | D:1      | 518 ||| READING scroll labelled VYDIAFA GUT.
   519 | D:1      | 519 ||| DRINKING 3 smoky green potions.
   520 | D:1      | 520 ||| PLANNING D:1-11
   520 | D:1      | 520 ||| PLANNING D:1-11
   533 | D:1      | 533 ||| INVOKING Spit Poison.
   539 | D:1      | 539 ||| INVOKING Spit Poison.
   669 | D:1      | 669 ||| INVOKING Spit Poison.
   672 | D:1      | 672 ||| INVOKING Spit Poison.
   676 | D:1      | Reached XP level 3. HP: 30/32 MP: 3/3
   775 | D:1      | 775 ||| PLANNING D:1-11
  1041 | D:2      | 1041 ||| INVOKING Spit Poison.
  1045 | D:2      | 1045 ||| INVOKING Spit Poison.
  1082 | D:2      | 1082 ||| INVOKING Spit Poison.
  1114 | D:2      | 1114 ||| INVOKING Spit Poison.
  1117 | D:2      | 1117 ||| INVOKING Spit Poison.
  1120 | D:2      | 1120 ||| INVOKING Spit Poison.
  1200 | D:2      | 1200 ||| INVOKING Spit Poison.
  1225 | D:2      | 1225 ||| INVOKING Spit Poison.
  1226 | D:2      | 1226 ||| INVOKING Spit Poison.
  1230 | D:2      | Reached skill level 5 in Ranged Weapons
  1230 | D:2      | Reached XP level 4. HP: 33/39 MP: 4/4
  1374 | D:2      | 1374 ||| INVOKING Spit Poison.
  1394 | D:2      | 1394 ||| INVOKING Spit Poison.
  1441 | D:2      | 1441 ||| INVOKING Spit Poison.
  1577 | D:2      | 1577 ||| INVOKING Spit Poison.
  1582 | D:2      | 1582 ||| INVOKING Spit Poison.
  1653 | D:2      | 1653 ||| INVOKING Spit Poison.
  1656 | D:2      | 1656 ||| INVOKING Spit Poison.
  1792 | D:2      | 1792 ||| INVOKING Spit Poison.
  1807 | D:2      | 1807 ||| READING scroll labelled MEXZEU UROYRE.
  1808 | D:2      | 1808 ||| DRINKING 2 black potions.
  1809 | D:2      | 1809 ||| DRINKING 2 murky brown potions.
  1810 | D:2      | 1810 ||| DROPPING potion of attraction.
  1879 | D:3      | 1879 ||| INVOKING Spit Poison.
  1935 | D:3      | 1935 ||| INVOKING Spit Poison.
  1937 | D:3      | Noticed Terence
  1938 | D:3      | 1938 ||| INVOKING Spit Poison.
  1944 | D:3      | 1944 ||| INVOKING Spit Poison.
  1947 | D:3      | 1947 ||| INVOKING Spit Poison.
  1951 | D:3      | Killed Terence
  1952 | D:3      | Reached skill level 3 in Fighting
  2064 | D:3      | 2064 ||| INVOKING Spit Poison.
  2080 | D:3      | 2080 ||| INVOKING Spit Poison.
  2082 | D:3      | Noticed Robin
  2084 | D:3      | 2084 ||| INVOKING Spit Poison.
  2088 | D:3      | 2088 ||| INVOKING Spit Poison.
  2093 | D:3      | Reached XP level 5. HP: 26/49 MP: 5/5
  2095 | D:3      | 2095 ||| INVOKING Spit Poison.
  2095 | D:3      | HP: 10/49 [goblin/+0 dagger[Robin] (3)]
  2096 | D:3      | HP: 4/49 [Robin/+2 spear of flaming (1)]
  2097 | D:3      | HP: 1/49 [hobgoblin[Robin] (3)]
  2097 | D:3      | Slain by Robin

Levels and vault maps discovered:
D:1:      dpeg_arrival_circle_labyrinth_c, layout_rooms, serial_shops,
          nicolae_shop_crystal, hellmonk_ecumenical_altar_lost_god,
          serial_co_window_serial, co_window_paths_b, co_window_paths_a,
          co_window_paths_b, co_window_corner_a, co_window_paths_a,
          co_window_of_opportunity_a, co_window_corner_a,
          co_window_of_opportunity_b, co_window_broadway_a, co_window_paths_c,
          co_window_paths_c, co_window_paths_e, glass_columns_b,
          glass_columns_b, minmay_fountain_box
D:2:      layout_loops_ring
D:3:      layout_basic, uniq_robin, uniq_ijyb, uniq_terence

Skill      XL: |  1  2  3  4 |
---------------+-------------+-----
Ranged Weapons | 4 5 |  5.0
Fighting       | 3 |  3.1
Dodging        | |  1.5
Stealth        | |  1.5

Action                     |  1- 3 |  4- 6 || total
---------------------------+-------+-------++-------
   Fire: Shortbow          |    46 |    50 ||    96
Ability: Spit Poison       |    22 |    18 ||    40
    Use: Scroll            |     6 |     1 ||     7
         Potion            |     1 |     2 ||     3
 Armour: Leather armour    |     3 |     8 ||    11
  Dodge: Dodged            |    13 |    21 ||    34

Table legend:
 A = Non-vault XP
 B = Vault XP
 C = Vault XP percentage of total XP
 D = Non-vault monster count
 E = Vault monster count
 F = Vault count percentage of total count
                 A         B        C        D         E       F
            +---------+---------+-------+---------+---------+-------
      Total |     123 |      44 |  26.3 |      45 |       6 |  11.8
            +---------+---------+-------+---------+---------+-------
        D:1 |      36 |       0 |   0.0 |      20 |       0 |   0.0
        D:2 |      74 |       0 |   0.0 |      17 |       0 |   0.0
        D:3 |      13 |      44 |  77.2 |       8 |       6 |  42.9
            +---------+---------+-------+---------+---------+-------
